Detroit Red Wings vs New York Rangers
(R2)
Created - Thursday, June 5, 2025 at 09:27
Goals
|
| Detroit Red Wings |
0 |
0 |
1 |
1 |
| New York Rangers |
0 |
1 |
2 |
3 |
|
Shots
|
| Detroit Red Wings |
11 |
13 |
11 |
35 |
| New York Rangers |
6 |
10 |
9 |
25 |
|
1st period
No Goal
Penalties :
Adam Larsson (NYR) for Holding (Minor) at 0:25, Jackson LaCombe (DET) for Tripping (Minor) at 7:11, Matthew Benning (NYR) for Tripping (Minor) at 14:36, Yakov Trenin (DET) for Holding (Minor) at 16:53
2nd period
1. New York Rangers , Marcus Foligno 2 (Tyler Motte 1, David Kampf 2) at 7:04
Penalties :
Patrick Kane (DET) for High sticking (Minor) at 0:50, Nathan MacKinnon (NYR) for Roughing (Minor) at 1:45, Jeff Petry (DET) for Hooking (Minor) at 3:04, Adam Larsson (NYR) for Roughing (Minor) at 10:42, Matthew Benning (NYR) for Slashing (Minor) at 14:06, John Marino (NYR) for Hooking (Minor) at 17:19
3rd period
2. Detroit Red Wings , Jared McCann 1 (Steven Stamkos 1, Jackson LaCombe 1) at 2:04
3. New York Rangers , Timo Meier 1 (Cole Caufield 2, David Kampf 3) at 5:43
4. New York Rangers , Conor Garland 1 (Mikael Granlund 1, Artemi Panarin 2) at 9:35 (PP)
Penalties :
Jake McCabe (NYR) for Holding (Minor) at 2:17, Jeff Petry (DET) for Hooking (Minor) at 9:05, Timo Meier (NYR) for Holding (Minor) at 10:42, Jake Walman (NYR) for Holding (Minor) at 17:30, Zach Bogosian (DET) for Slashing (Minor) at 19:56
Goalie Stats
Calvin Pickard (DET), 22 saves from 25 shots - (0.880), L, 0-2-0, 60:00 minutes
Igor Shesterkin (NYR), 34 saves from 35 shots - (0.971), W, 2-0-0, 60:00 minutes
Players Stats for Detroit Red Wings
Player Name G A P +/- PIM S H SB GA TA FO MP PP MP PK MP
------------------------------------------------------------------------------------
Brendan Gallagher 0 0 0 -1 0 1 1 0 0 0 0/1 6:55 0:05 0:00
Carter Verhaeghe 0 0 0 -1 0 4 0 0 2 0 2/2 20:17 7:49 0:03
Christian Fischer 0 0 0 0 0 2 2 0 0 0 0/1 10:59 0:00 3:15
Daniel Sprong 0 0 0 0 0 2 1 0 1 0 0/1 8:11 0:05 0:18
Erik Brannstrom 0 0 0 0 0 1 2 0 0 0 0/0 16:38 7:30 0:00
Jackson LaCombe 0 1 1 0 2 1 0 2 0 0 0/0 14:44 0:15 2:58
Jared McCann 1 0 1 1 0 3 1 1 0 1 0/1 17:57 7:58 0:00
Jeff Petry 0 0 0 -1 4 2 0 1 0 0 0/0 25:29 7:44 2:16
Keegan Kolesar 0 0 0 -1 0 0 1 0 0 0 0/0 9:22 0:00 3:03
Kevin Stenlund 0 0 0 -1 0 1 2 0 1 0 2/5 10:03 0:05 3:03
Mika Zibanejad 0 0 0 -1 0 7 0 0 0 0 17/31 24:01 7:49 3:15
Patrick Kane 0 0 0 1 2 3 2 0 0 0 0/1 18:11 8:13 0:00
Shayne Gostisbehere 0 0 0 0 0 0 0 2 0 0 0/0 22:23 8:22 2:43
Steven Stamkos 0 1 1 1 0 4 1 0 1 0 11/19 18:50 8:13 0:33
Tyler Johnson 0 0 0 -1 0 1 3 0 0 0 0/1 18:35 7:49 0:00
Yakov Trenin 0 0 0 0 2 2 1 1 0 0 1/2 11:43 0:15 2:20
Zach Bogosian 0 0 0 0 2 0 0 0 0 1 0/0 9:05 0:00 0:01
Zachary Werenski 0 0 0 -1 0 1 3 4 0 1 0/0 28:02 8:22 3:12
Players Stats for New York Rangers
Player Name G A P +/- PIM S H SB GA TA FO MP PP MP PK MP
------------------------------------------------------------------------------------
Adam Larsson 0 0 0 -1 4 1 2 2 0 1 0/0 21:50 0:00 5:52
Artemi Panarin 0 1 1 0 0 3 0 1 0 0 0/0 15:25 3:53 0:12
Cam Fowler 0 0 0 1 0 0 0 2 0 0 0/0 20:30 3:53 4:19
Cole Caufield 0 1 1 0 0 2 0 0 0 0 1/5 15:53 3:37 0:15
Conor Garland 1 0 1 0 0 2 0 0 0 1 0/0 12:12 3:05 0:00
David Kampf 0 2 2 1 0 0 0 0 0 0 3/9 12:18 0:00 7:46
Dylan Strome 0 0 0 0 0 2 0 1 0 1 8/16 14:35 3:11 0:00
Jake McCabe 0 0 0 0 2 1 0 1 0 0 0/0 22:07 0:06 6:41
Jake Walman 0 0 0 2 2 1 6 1 0 0 0/0 23:38 2:52 7:18
John Marino 0 0 0 0 2 0 1 0 1 1 0/0 14:58 0:00 6:39
Marcus Foligno 1 0 1 1 0 2 1 0 0 1 0/0 12:32 0:00 7:45
Matthew Benning 0 0 0 0 4 0 0 0 0 0 0/0 9:51 0:00 1:25
Mikael Granlund 0 1 1 0 0 0 2 1 1 0 13/20 22:19 3:05 7:51
Nathan MacKinnon 0 0 0 0 2 5 0 0 1 0 3/7 13:57 3:39 0:00
Sean Couturier 0 0 0 0 0 2 1 0 0 0 4/7 10:13 0:00 0:39
Teuvo Teravainen 0 0 0 0 0 0 0 0 0 0 0/0 12:32 2:46 0:00
Timo Meier 1 0 1 0 2 3 1 1 0 0 0/0 14:43 3:34 0:00
Tyler Motte 0 1 1 1 0 1 1 1 0 0 0/1 12:27 0:03 7:46
3 Stars
1 - Igor Shesterkin (NYR)
2 - Marcus Foligno (NYR)
3 - David Kampf (NYR)
Power Play
Detroit Red Wings - 0 on 9 Attempt(s) - 0.00%
New York Rangers - 1 on 6 Attempt(s) - 16.67%
Penalty Kill
Detroit Red Wings - 5 on 6 Attempt(s) - 83.33%
- Score 0 goal in Penalty Kill
New York Rangers - 9 on 9 Attempt(s) - 100.00%
- Score 0 goal in Penalty Kill
Team Stat
Detroit Red Wings - Hits : 20 - Faceoff Wins : 33 - Blocked Shots : 11 - Penalty Minutes : 12
New York Rangers - Hits : 15 - Faceoff Wins : 32 - Blocked Shots : 11 - Penalty Minutes : 18
Official
Referees : Brian Pochmara and Brandon Blandina
Linesman : Joseph Mahon and James Tobias
Game Notes
No Game Note
Finance
Level 1 -- Attendance: 5844 (97.40%) -- Ticket Income $596,088
Level 2 -- Attendance: 4230 (84.60%) -- Ticket Income $266,490
Level 3 -- Attendance: 2336 (77.87%) -- Ticket Income $95,776
Level 4 -- Attendance: 3875 (77.50%) -- Ticket Income $108,500
Luxury Box -- Attendance: 946 (94.60%) -- Ticket Income $184,470
Game was played at the Madison Square Garden.
Total Attendance: 17231 (86.16%)
Total Ticket Income: $1,251,324
Other Income: $437,963
Total Income: $1,689,287
Detroit Red Wings
5 vs 5 Forward
Center Left Wing Right Wing Time % Phy DF OF
1 Steven Stamkos Jared McCann Patrick Kane 35 1 2 2
2 Mika Zibanejad Carter Verhaeghe Tyler Johnson 35 1 1 3
3 Yakov Trenin Daniel Sprong Christian Fischer 20 1 2 2
4 Kevin Stenlund Brendan Gallagher Keegan Kolesar 10 2 2 1
5 vs 5 Defense
Defense Defense Time % Phy DF OF
1 Zachary Werenski Jeff Petry 40 1 2 2
2 Shayne Gostisbehere Jackson LaCombe 30 1 2 2
3 Erik Brannstrom Zach Bogosian 20 3 1 1
4 Shayne Gostisbehere Jackson LaCombe 10 1 2 2
PowerPlay Forward
Center Left Wing Right Wing Time % Phy DF OF
1 Steven Stamkos Jared McCann Patrick Kane 50 0 1 4
2 Mika Zibanejad Carter Verhaeghe Tyler Johnson 50 0 1 4
PowerPlay Defense
Defense Defense Time % Phy DF OF
1 Shayne Gostisbehere Zachary Werenski 50 1 2 2
2 Erik Brannstrom Jeff Petry 50 1 2 2
Penalty Kill 4 Players Forward
Center Wing Time % Phy DF OF
1 Mika Zibanejad Christian Fischer 50 2 2 1
2 Kevin Stenlund Keegan Kolesar 50 2 2 1
Penalty Kill 4 Players Defense
Defense Defense Time % Phy DF OF
1 Zachary Werenski Jackson LaCombe 50 2 2 1
2 Yakov Trenin Jeff Petry 50 2 2 1
Penalty Kill - 3 Players Forward
Forward Time % Phy DF OF
1 Mika Zibanejad 50 1 2 2
2 Steven Stamkos 50 1 2 2
Penalty Kill - 3 Players Defense
Defense Defense Time % Phy DF OF
1 Zachary Werenski Jackson LaCombe 50 1 2 2
2 Yakov Trenin Jeff Petry 50 2 2 1
4 vs 4 Forward
Center Wing Time % Phy DF OF
1 Mika Zibanejad Carter Verhaeghe 60 1 2 2
2 Steven Stamkos Patrick Kane 40 1 1 3
4 vs 4 Defense
Defense Defense Time % Phy DF OF
1 Zachary Werenski Shayne Gostisbehere 60 1 2 2
2 Jackson LaCombe Jeff Petry 40 1 2 2
Last Minutes Offensive
Center Left Wing Right Wing Defense Defense
Mika Zibanejad Steven Stamkos Carter Verhaeghe Zachary Werenski Jackson LaCombe
Last Minutes Defensive
Center Left Wing Right Wing Defense Defense
Mika Zibanejad Steven Stamkos Carter Verhaeghe Zachary Werenski Jackson LaCombe
Goaltenders
Starting : Calvin Pickard
Backup : Laurent Brossoit
Extra Forwards
Normal : Yakov Trenin, Christian Fischer, Daniel Sprong - PP : Kevin Stenlund, Daniel Sprong - PK : Steven Stamkos
Extra Defensemen
Normal : Shayne Gostisbehere, Jackson LaCombe, Zach Bogosian - PP : Shayne Gostisbehere - PK : Shayne Gostisbehere, Jackson LaCombe
Penalty Shots
Mika Zibanejad, Steven Stamkos, Patrick Kane, Carter Verhaeghe, Jared McCann
Scratches
Alexander Barabanov (Healthy), Kevin Shattenkirk (Healthy), Peyton Krebs (Healthy), Raphael Lavoie (Healthy), Vitek Vanecek (Healthy)
New York Rangers
5 vs 5 Forward
Center Left Wing Right Wing Time % Phy DF OF
1 Mikael Granlund Artemi Panarin Nathan MacKinnon 30 1 1 3
2 Dylan Strome Cole Caufield Timo Meier 30 1 1 3
3 Sean Couturier Teuvo Teravainen Conor Garland 25 1 2 2
4 David Kampf Tyler Motte Marcus Foligno 15 1 2 2
5 vs 5 Defense
Defense Defense Time % Phy DF OF
1 Jake McCabe Adam Larsson 40 1 3 1
2 Cam Fowler Jake Walman 35 1 3 1
3 John Marino Matthew Benning 25 1 3 1
4 Cam Fowler Jake McCabe 0 1 2 2
PowerPlay Forward
Center Left Wing Right Wing Time % Phy DF OF
1 Nathan MacKinnon Timo Meier Cole Caufield 60 0 1 4
2 Dylan Strome Mikael Granlund Conor Garland 40 1 1 3
PowerPlay Defense
Defense Defense Time % Phy DF OF
1 Cam Fowler Artemi Panarin 60 0 1 4
2 Teuvo Teravainen Jake Walman 40 1 1 3
Penalty Kill 4 Players Forward
Center Wing Time % Phy DF OF
1 David Kampf Tyler Motte 50 1 3 1
2 Mikael Granlund Marcus Foligno 50 1 3 1
Penalty Kill 4 Players Defense
Defense Defense Time % Phy DF OF
1 Jake Walman John Marino 50 1 3 1
2 Adam Larsson Jake McCabe 50 1 3 1
Penalty Kill - 3 Players Forward
Forward Time % Phy DF OF
1 David Kampf 50 1 3 1
2 Mikael Granlund 50 1 3 1
Penalty Kill - 3 Players Defense
Defense Defense Time % Phy DF OF
1 Jake Walman John Marino 50 1 3 1
2 Adam Larsson Cam Fowler 50 1 3 1
4 vs 4 Forward
Center Wing Time % Phy DF OF
1 Nathan MacKinnon Artemi Panarin 50 1 2 2
2 Dylan Strome Cole Caufield 50 1 2 2
4 vs 4 Defense
Defense Defense Time % Phy DF OF
1 Jake Walman Jake McCabe 50 1 2 2
2 Adam Larsson Cam Fowler 50 1 2 2
Last Minutes Offensive
Center Left Wing Right Wing Defense Defense
Nathan MacKinnon Artemi Panarin Cole Caufield Cam Fowler Jake Walman
Last Minutes Defensive
Center Left Wing Right Wing Defense Defense
David Kampf Mikael Granlund Marcus Foligno Jake Walman John Marino
Goaltenders
Starting : Igor Shesterkin
Backup : Kevin Lankinen
Extra Forwards
Normal : Cole Caufield, Artemi Panarin, Timo Meier - PP : Dylan Strome, Conor Garland - PK : Sean Couturier
Extra Defensemen
Normal : Jake Walman, John Marino, Adam Larsson - PP : John Marino - PK : Cam Fowler, Matthew Benning
Penalty Shots
Artemi Panarin, Dylan Strome, Cole Caufield, Conor Garland, Nathan MacKinnon
Scratches
None
% Time on Ice - Detroit Red Wings
Lines # - Real PCT - Wanted PCT - Time Play
Normal Forward
1 - 31% - 35% - 10:51
2 - 32% - 35% - 11:12
3 - 20% - 20% - 7:07
4 - 18% - 10% - 6:14
Normal Defense
1 - 43% - 40% - 15:14
2 - 33% - 30% - 11:49
3 - 23% - 20% - 8:12
4 - 0% - 10% - 0:09
PP Forward
1 - 50% - 50% - 8:02
2 - 50% - 50% - 8:05
PP Defense
1 - 52% - 50% - 8:22
2 - 48% - 50% - 7:45
PK Forward
1 - 52% - 50% - 3:31
2 - 48% - 50% - 3:14
PK Defense
1 - 47% - 50% - 3:12
2 - 53% - 50% - 3:33
PK3 Forward
1 - 0% - 50%
2 - 0% - 50%
PK3 Defense
1 - 0% - 50%
2 - 0% - 50%
44 Forward
1 - 95% - 60% - 1:39
2 - 5% - 40% - 0:05
44 Defense
1 - 98% - 60% - 1:42
2 - 2% - 40% - 0:02
Last Minute Offensive - 0:00
Last Minute Defensive - 0:00
Total
Forward - 60:00
Defense - 60:00
|
% Time on Ice - New York Rangers
Lines # - Real PCT - Wanted PCT - Time Play
Normal Forward
1 - 29% - 30% - 10:24
2 - 33% - 30% - 11:37
3 - 25% - 25% - 8:57
4 - 13% - 15% - 4:26
Normal Defense
1 - 40% - 40% - 14:09
2 - 36% - 35% - 12:46
3 - 22% - 25% - 7:47
4 - 2% - 0% - 0:42
PP Forward
1 - 53% - 60% - 3:34
2 - 47% - 40% - 3:11
PP Defense
1 - 59% - 60% - 3:59
2 - 41% - 40% - 2:46
PK Forward
1 - 50% - 50% - 8:01
2 - 50% - 50% - 8:06
PK Defense
1 - 51% - 50% - 8:18
2 - 49% - 50% - 7:49
PK3 Forward
1 - 0% - 50%
2 - 0% - 50%
PK3 Defense
1 - 0% - 50%
2 - 0% - 50%
44 Forward
1 - 57% - 50% - 0:59
2 - 43% - 50% - 0:45
44 Defense
1 - 53% - 50% - 0:55
2 - 47% - 50% - 0:49
Last Minute Offensive - 0:00
Last Minute Defensive - 0:00
Total
Forward - 60:00
Defense - 60:00
|
Play-by-Play
1st period
0:01 of 1st period - Mikael Granlund wins face-off versus Steven Stamkos in neutral zone.
0:25 of 1st period - Minor Penalty to Adam Larsson for Holding.
0:26 of 1st period - Steven Stamkos wins face-off versus David Kampf in New York Rangers zone.
0:30 of 1st period - Snap shot by Jared McCann.
0:30 of 1st period - Stopped by Igor Shesterkin without a rebound.
0:31 of 1st period - David Kampf wins face-off versus Jared McCann in New York Rangers zone.
0:43 of 1st period - Off-side.
0:44 of 1st period - Mikael Granlund wins face-off versus Mika Zibanejad in neutral zone.
1:44 of 1st period - Slapshot by Carter Verhaeghe.
1:44 of 1st period - Shot Misses the Net.
2:22 of 1st period - Tyler Motte is hit by Tyler Johnson.
2:25 of 1st period - Penalty to Adam Larsson is over, Adam Larsson is back on ice.
3:11 of 1st period - Patrick Kane is hit by John Marino and loses puck.
4:08 of 1st period - Adam Larsson is hit by Erik Brannstrom and loses puck.
4:39 of 1st period - Mikael Granlund is hit by Daniel Sprong and loses puck.
5:37 of 1st period - Mikael Granlund is hit by Christian Fischer and loses puck.
5:42 of 1st period - Snap shot by Daniel Sprong.
5:42 of 1st period - Deflect By Yakov Trenin.
5:42 of 1st period - Shot Blocked by Cam Fowler.
5:42 of 1st period - Puck is out of play.
5:43 of 1st period - Mikael Granlund wins face-off versus Yakov Trenin in New York Rangers zone.
5:50 of 1st period - Snap shot by Artemi Panarin.
5:50 of 1st period - Stopped by Calvin Pickard without a rebound.
5:51 of 1st period - Mika Zibanejad wins face-off versus Dylan Strome in Detroit Red Wings zone.
6:26 of 1st period - Snap shot by Sean Couturier.
6:26 of 1st period - Stopped by Calvin Pickard with a rebound.
6:58 of 1st period - Jeff Petry is hit by Tyler Motte and loses puck.
7:03 of 1st period - Wrist shot by Marcus Foligno.
7:03 of 1st period - Stopped by Calvin Pickard with a rebound.
7:05 of 1st period - Slapshot by Adam Larsson.
7:05 of 1st period - Stopped by Calvin Pickard without a rebound.
7:06 of 1st period - Dylan Strome wins face-off versus Mika Zibanejad in Detroit Red Wings zone.
7:09 of 1st period - Backhand shot by Dylan Strome.
7:09 of 1st period - Stopped by Calvin Pickard with a rebound.
7:11 of 1st period - Minor Penalty to Jackson LaCombe for Tripping.
7:12 of 1st period - Mika Zibanejad wins face-off versus Nathan MacKinnon in Detroit Red Wings zone.
7:39 of 1st period - Cam Fowler is hit by Zachary Werenski and loses puck.
9:11 of 1st period - Penalty to Jackson LaCombe is over, Jackson LaCombe is back on ice.
9:23 of 1st period - Wrist shot by Mika Zibanejad.
9:23 of 1st period - Stopped by Igor Shesterkin without a rebound.
9:24 of 1st period - Steven Stamkos wins face-off versus David Kampf in New York Rangers zone.
9:25 of 1st period - Snap shot by Patrick Kane.
9:25 of 1st period - Deflect By Steven Stamkos.
9:25 of 1st period - Stopped by Igor Shesterkin without a rebound.
9:26 of 1st period - Steven Stamkos wins face-off versus David Kampf in New York Rangers zone.
9:51 of 1st period - Erik Brannstrom is hit by Mikael Granlund and loses puck.
10:12 of 1st period - Wrist shot by Daniel Sprong.
10:12 of 1st period - Shot Misses the Net.
10:14 of 1st period - Snap shot by Yakov Trenin.
10:14 of 1st period - Stopped by Igor Shesterkin with a rebound.
10:16 of 1st period - Wrist shot by Jackson LaCombe.
10:16 of 1st period - Stopped by Igor Shesterkin with a rebound.
10:18 of 1st period - Backhand shot by Jeff Petry.
10:18 of 1st period - Stopped by Igor Shesterkin without a rebound.
10:19 of 1st period - Mika Zibanejad wins face-off versus Dylan Strome in New York Rangers zone.
10:41 of 1st period - Off-side.
10:42 of 1st period - Steven Stamkos wins face-off versus Sean Couturier in neutral zone.
10:45 of 1st period - Jake Walman is hit by Jared McCann and loses puck.
11:08 of 1st period - Jackson LaCombe is hit by Jake Walman and loses puck.
11:41 of 1st period - Slapshot by Carter Verhaeghe.
11:41 of 1st period - Stopped by Igor Shesterkin without a rebound.
11:42 of 1st period - Sean Couturier wins face-off versus Mika Zibanejad in New York Rangers zone.
12:07 of 1st period - Wrist shot by Kevin Stenlund.
12:07 of 1st period - Stopped by Igor Shesterkin without a rebound.
12:08 of 1st period - Kevin Stenlund wins face-off versus Dylan Strome in New York Rangers zone.
12:17 of 1st period - Snap shot by Keegan Kolesar.
12:17 of 1st period - Shot Misses the Net.
12:59 of 1st period - Jared McCann is hit by Jake Walman.
13:23 of 1st period - Slapshot by Tyler Motte.
13:23 of 1st period - Shot Blocked by Jackson LaCombe.
13:25 of 1st period - Snap shot by David Kampf.
13:25 of 1st period - Shot Misses the Net.
13:27 of 1st period - Snap shot by Tyler Motte.
13:27 of 1st period - Shot Misses the Net.
13:29 of 1st period - Slapshot by Marcus Foligno.
13:29 of 1st period - Shot Blocked by Yakov Trenin.
14:13 of 1st period - Slapshot by Zachary Werenski.
14:13 of 1st period - Shot Blocked by Adam Larsson.
14:27 of 1st period - Snap shot by Jared McCann.
14:27 of 1st period - Shot Misses the Net.
14:29 of 1st period - Snap shot by Steven Stamkos.
14:29 of 1st period - Stopped by Igor Shesterkin with a rebound.
14:31 of 1st period - Slapshot by Jeff Petry.
14:31 of 1st period - Stopped by Igor Shesterkin without a rebound.
14:32 of 1st period - Mika Zibanejad wins face-off versus Sean Couturier in New York Rangers zone.
14:33 of 1st period - Snap shot by Carter Verhaeghe.
14:33 of 1st period - Deflect By Mika Zibanejad.
14:33 of 1st period - Stopped by Igor Shesterkin without a rebound.
14:34 of 1st period - Dylan Strome wins face-off versus Mika Zibanejad in New York Rangers zone.
14:36 of 1st period - Minor Penalty to Matthew Benning for Tripping.
14:37 of 1st period - Mikael Granlund wins face-off versus Patrick Kane in New York Rangers zone.
15:05 of 1st period - Jake McCabe is hit by Zachary Werenski and loses puck.
15:54 of 1st period - Tyler Motte is hit by Tyler Johnson and loses puck.
16:33 of 1st period - Zachary Werenski is hit by Jake Walman and loses puck.
16:36 of 1st period - Penalty to Matthew Benning is over, Matthew Benning is back on ice.
16:53 of 1st period - Minor Penalty to Yakov Trenin for Holding.
16:54 of 1st period - Kevin Stenlund wins face-off versus Nathan MacKinnon in Detroit Red Wings zone.
17:10 of 1st period - Wrist shot by Nathan MacKinnon.
17:10 of 1st period - Stopped by Calvin Pickard with a rebound.
17:20 of 1st period - Jackson LaCombe is hit by Mikael Granlund and loses puck.
18:53 of 1st period - Penalty to Yakov Trenin is over, Yakov Trenin is back on ice.
19:36 of 1st period - Marcus Foligno is hit by Steven Stamkos and loses puck.
Goals for this period are 0 for Detroit Red Wings vs 0 for New York Rangers.
Shots for this period are 11 for Detroit Red Wings vs 6 for New York Rangers.
2nd period
0:01 of 2nd period - Mika Zibanejad wins face-off versus Mikael Granlund in neutral zone.
0:10 of 2nd period - Slapshot by Carter Verhaeghe.
0:10 of 2nd period - Shot Blocked by Artemi Panarin.
0:12 of 2nd period - Snap shot by Mika Zibanejad.
0:12 of 2nd period - Shot Misses the Net.
0:14 of 2nd period - Slapshot by Zachary Werenski.
0:14 of 2nd period - Stopped by Igor Shesterkin without a rebound.
0:15 of 2nd period - Dylan Strome wins face-off versus Steven Stamkos in New York Rangers zone.
0:15 of 2nd period - Dylan Strome is hit by Zachary Werenski.
0:50 of 2nd period - Minor Penalty to Patrick Kane for High sticking.
0:51 of 2nd period - Nathan MacKinnon wins face-off versus Mika Zibanejad in Detroit Red Wings zone.
0:51 of 2nd period - Snap shot by Timo Meier.
0:51 of 2nd period - Shot Blocked by Jackson LaCombe.
1:03 of 2nd period - Slapshot by Nathan MacKinnon.
1:03 of 2nd period - Shot Blocked by Zachary Werenski.
1:05 of 2nd period - Slapshot by Artemi Panarin.
1:05 of 2nd period - Stopped by Calvin Pickard with a rebound.
1:45 of 2nd period - Minor Penalty to Nathan MacKinnon for Roughing.
1:46 of 2nd period - Mika Zibanejad wins face-off versus Cole Caufield in New York Rangers zone.
1:55 of 2nd period - Slapshot by Carter Verhaeghe.
1:55 of 2nd period - Deflect By Mika Zibanejad.
1:55 of 2nd period - Stopped by Igor Shesterkin without a rebound.
1:56 of 2nd period - Carter Verhaeghe wins face-off versus Cole Caufield in New York Rangers zone.
1:57 of 2nd period - Snap shot by Mika Zibanejad.
1:57 of 2nd period - Stopped by Igor Shesterkin without a rebound.
1:58 of 2nd period - Dylan Strome wins face-off versus Mika Zibanejad in New York Rangers zone.
2:25 of 2nd period - Zachary Werenski is hit by Adam Larsson and loses puck.
2:47 of 2nd period - Off-side.
2:48 of 2nd period - Mikael Granlund wins face-off versus Steven Stamkos in neutral zone.
2:50 of 2nd period - Penalty to Patrick Kane is over, Patrick Kane is back on ice.
3:04 of 2nd period - Minor Penalty to Jeff Petry for Hooking.
3:05 of 2nd period - Mika Zibanejad wins face-off versus Dylan Strome in Detroit Red Wings zone.
3:22 of 2nd period - Wrist shot by Mika Zibanejad.
3:22 of 2nd period - Stopped by Igor Shesterkin without a rebound.
3:23 of 2nd period - Mika Zibanejad wins face-off versus Cole Caufield in New York Rangers zone.
3:26 of 2nd period - Snap shot by Mika Zibanejad.
3:26 of 2nd period - Stopped by Igor Shesterkin with a rebound.
3:32 of 2nd period - Wrist shot by Artemi Panarin.
3:32 of 2nd period - Stopped by Calvin Pickard with a rebound.
3:34 of 2nd period - Snap shot by Cole Caufield.
3:34 of 2nd period - Stopped by Calvin Pickard with a rebound.
3:36 of 2nd period - Snap shot by Artemi Panarin.
3:36 of 2nd period - Shot Misses the Net.
3:38 of 2nd period - Slapshot by Jake McCabe.
3:38 of 2nd period - Stopped by Calvin Pickard with a rebound.
3:45 of 2nd period - Penalty to Nathan MacKinnon is over, Nathan MacKinnon is back on ice.
4:04 of 2nd period - Snap shot by Dylan Strome.
4:04 of 2nd period - Stopped by Calvin Pickard with a rebound.
4:16 of 2nd period - Snap shot by Cole Caufield.
4:16 of 2nd period - Stopped by Calvin Pickard without a rebound.
4:17 of 2nd period - Nathan MacKinnon wins face-off versus Christian Fischer in Detroit Red Wings zone.
5:04 of 2nd period - Penalty to Jeff Petry is over, Jeff Petry is back on ice.
5:20 of 2nd period - Wrist shot by Steven Stamkos.
5:20 of 2nd period - Shot Blocked by Jake Walman.
5:46 of 2nd period - Icing by Tyler Johnson.
5:47 of 2nd period - Cole Caufield wins face-off versus Kevin Stenlund in Detroit Red Wings zone.
7:02 of 2nd period - Snap shot by Tyler Motte.
7:02 of 2nd period - Shot Blocked by Zachary Werenski.
7:04 of 2nd period - Snap shot by Marcus Foligno.
7:04 of 2nd period - Goal by Marcus Foligno - Detroit Red Wings : 0 - New York Rangers : 1.
7:05 of 2nd period - Mika Zibanejad wins face-off versus Mikael Granlund in neutral zone.
7:08 of 2nd period - Snap shot by Carter Verhaeghe.
7:08 of 2nd period - Stopped by Igor Shesterkin without a rebound.
7:09 of 2nd period - Mika Zibanejad wins face-off versus Mikael Granlund in New York Rangers zone.
7:14 of 2nd period - Slapshot by Tyler Johnson.
7:14 of 2nd period - Stopped by Igor Shesterkin without a rebound.
7:15 of 2nd period - Mikael Granlund wins face-off versus Mika Zibanejad in New York Rangers zone.
7:31 of 2nd period - Wrist shot by Mikael Granlund.
7:31 of 2nd period - Deflect By Carter Verhaeghe.
7:31 of 2nd period - Shot Blocked by Zachary Werenski.
7:31 of 2nd period - Puck is out of play.
7:32 of 2nd period - Dylan Strome wins face-off versus Steven Stamkos in Detroit Red Wings zone.
7:41 of 2nd period - Snap shot by Timo Meier.
7:41 of 2nd period - Deflect By Dylan Strome.
7:41 of 2nd period - Shot Misses the Net.
7:41 of 2nd period - Puck is out of play.
7:42 of 2nd period - Steven Stamkos wins face-off versus Dylan Strome in Detroit Red Wings zone.
7:42 of 2nd period - Steven Stamkos is hit by Adam Larsson.
7:45 of 2nd period - Icing by Zachary Werenski.
7:46 of 2nd period - Steven Stamkos wins face-off versus Dylan Strome in Detroit Red Wings zone.
8:04 of 2nd period - Snap shot by Patrick Kane.
8:04 of 2nd period - Stopped by Igor Shesterkin without a rebound.
8:05 of 2nd period - Mika Zibanejad wins face-off versus Nathan MacKinnon in New York Rangers zone.
8:16 of 2nd period - Snap shot by Nathan MacKinnon.
8:16 of 2nd period - Stopped by Calvin Pickard without a rebound.
8:17 of 2nd period - Mika Zibanejad wins face-off versus Sean Couturier in Detroit Red Wings zone.
8:30 of 2nd period - Wrist shot by Carter Verhaeghe.
8:30 of 2nd period - Shot Misses the Net.
8:44 of 2nd period - Wrist shot by Timo Meier.
8:44 of 2nd period - Deflect By Carter Verhaeghe.
8:44 of 2nd period - Stopped by Calvin Pickard without a rebound.
8:45 of 2nd period - Dylan Strome wins face-off versus Steven Stamkos in Detroit Red Wings zone.
9:30 of 2nd period - Slapshot by Conor Garland.
9:30 of 2nd period - Stopped by Calvin Pickard without a rebound.
9:31 of 2nd period - Sean Couturier wins face-off versus Mika Zibanejad in Detroit Red Wings zone.
10:33 of 2nd period - Snap shot by Mika Zibanejad.
10:33 of 2nd period - Stopped by Igor Shesterkin without a rebound.
10:34 of 2nd period - Mikael Granlund wins face-off versus Steven Stamkos in New York Rangers zone.
10:42 of 2nd period - Minor Penalty to Adam Larsson for Roughing.
10:43 of 2nd period - Steven Stamkos wins face-off versus Mikael Granlund in New York Rangers zone.
12:42 of 2nd period - Penalty to Adam Larsson is over, Adam Larsson is back on ice.
12:50 of 2nd period - John Marino is hit by Kevin Stenlund and loses puck.
13:03 of 2nd period - Snap shot by Daniel Sprong.
13:03 of 2nd period - Stopped by Igor Shesterkin without a rebound.
13:04 of 2nd period - Sean Couturier wins face-off versus Daniel Sprong in New York Rangers zone.
13:04 of 2nd period - Sean Couturier is hit by Christian Fischer.
13:50 of 2nd period - Snap shot by Jared McCann.
13:50 of 2nd period - Deflect By Cole Caufield.
13:50 of 2nd period - Stopped by Igor Shesterkin without a rebound.
13:51 of 2nd period - Steven Stamkos wins face-off versus Dylan Strome in New York Rangers zone.
14:04 of 2nd period - Snap shot by Patrick Kane.
14:04 of 2nd period - Shot Misses the Net.
14:06 of 2nd period - Minor Penalty to Matthew Benning for Slashing.
14:07 of 2nd period - Mikael Granlund wins face-off versus Steven Stamkos in New York Rangers zone.
16:06 of 2nd period - Penalty to Matthew Benning is over, Matthew Benning is back on ice.
16:35 of 2nd period - Wrist shot by Brendan Gallagher.
16:35 of 2nd period - Stopped by Igor Shesterkin without a rebound.
16:36 of 2nd period - Dylan Strome wins face-off versus Kevin Stenlund in New York Rangers zone.
17:11 of 2nd period - Slapshot by Christian Fischer.
17:11 of 2nd period - Stopped by Igor Shesterkin with a rebound.
17:19 of 2nd period - Minor Penalty to John Marino for Hooking.
17:20 of 2nd period - Carter Verhaeghe wins face-off versus David Kampf in New York Rangers zone.
19:19 of 2nd period - Penalty to John Marino is over, John Marino is back on ice.
19:41 of 2nd period - Shayne Gostisbehere is hit by Timo Meier and loses puck.
Goals for this period are 0 for Detroit Red Wings vs 1 for New York Rangers.
Shots for this period are 13 for Detroit Red Wings vs 10 for New York Rangers.
3rd period
0:01 of 3rd period - Mikael Granlund wins face-off versus Mika Zibanejad in neutral zone.
0:38 of 3rd period - Snap shot by Cole Caufield.
0:38 of 3rd period - Shot Blocked by Jared McCann.
1:12 of 3rd period - Tyler Johnson is hit by Jake Walman and loses puck.
1:33 of 3rd period - Mikael Granlund is hit by Kevin Stenlund and loses puck.
1:56 of 3rd period - Snap shot by Timo Meier.
1:56 of 3rd period - Stopped by Calvin Pickard with a rebound.
2:04 of 3rd period - Snap shot by Jared McCann.
2:04 of 3rd period - Goal by Jared McCann - Detroit Red Wings : 1 - New York Rangers : 1.
2:05 of 3rd period - Mika Zibanejad wins face-off versus Mikael Granlund in neutral zone.
2:17 of 3rd period - Minor Penalty to Jake McCabe for Holding.
2:18 of 3rd period - Mika Zibanejad wins face-off versus David Kampf in New York Rangers zone.
2:20 of 3rd period - Wrist shot by Mika Zibanejad.
2:20 of 3rd period - Shot Blocked by Cam Fowler.
2:22 of 3rd period - Wrist shot by Tyler Johnson.
2:22 of 3rd period - Shot Blocked by Tyler Motte.
2:24 of 3rd period - Snap shot by Mika Zibanejad.
2:24 of 3rd period - Shot Misses the Net.
2:56 of 3rd period - Slapshot by Patrick Kane.
2:56 of 3rd period - Stopped by Igor Shesterkin with a rebound.
2:58 of 3rd period - Slapshot by Erik Brannstrom.
2:58 of 3rd period - Stopped by Igor Shesterkin without a rebound.
2:59 of 3rd period - Steven Stamkos wins face-off versus Tyler Motte in New York Rangers zone.
3:02 of 3rd period - Snap shot by Patrick Kane.
3:02 of 3rd period - Stopped by Igor Shesterkin with a rebound.
3:10 of 3rd period - Snap shot by David Kampf.
3:10 of 3rd period - Shot Blocked by Shayne Gostisbehere.
3:12 of 3rd period - Snap shot by Jake Walman.
3:12 of 3rd period - Stopped by Calvin Pickard with a rebound.
3:14 of 3rd period - Slapshot by Jake Walman.
3:14 of 3rd period - Shot Blocked by Zachary Werenski.
3:24 of 3rd period - Jake Walman is hit by Tyler Johnson and loses puck.
3:37 of 3rd period - Slapshot by Carter Verhaeghe.
3:37 of 3rd period - Shot Misses the Net.
4:17 of 3rd period - Penalty to Jake McCabe is over, Jake McCabe is back on ice.
4:25 of 3rd period - Snap shot by Christian Fischer.
4:25 of 3rd period - Stopped by Igor Shesterkin with a rebound.
4:27 of 3rd period - Slapshot by Zach Bogosian.
4:27 of 3rd period - Shot Misses the Net.
4:29 of 3rd period - Snap shot by Yakov Trenin.
4:29 of 3rd period - Stopped by Igor Shesterkin with a rebound.
4:31 of 3rd period - Slapshot by Zach Bogosian.
4:31 of 3rd period - Shot Blocked by Dylan Strome.
4:33 of 3rd period - Snap shot by Daniel Sprong.
4:33 of 3rd period - Stopped by Igor Shesterkin with a rebound.
4:35 of 3rd period - Slapshot by Erik Brannstrom.
4:35 of 3rd period - Shot Blocked by Adam Larsson.
4:45 of 3rd period - Cam Fowler is hit by Keegan Kolesar and loses puck.
5:26 of 3rd period - Erik Brannstrom is hit by Marcus Foligno and loses puck.
5:33 of 3rd period - Matthew Benning is hit by Patrick Kane.
5:43 of 3rd period - Snap shot by Timo Meier.
5:43 of 3rd period - Goal by Timo Meier - Detroit Red Wings : 1 - New York Rangers : 2.
5:44 of 3rd period - Mikael Granlund wins face-off versus Mika Zibanejad in neutral zone.
6:01 of 3rd period - Wrist shot by Nathan MacKinnon.
6:01 of 3rd period - Shot Misses the Net.
6:16 of 3rd period - Cole Caufield is hit by Patrick Kane and loses puck.
6:37 of 3rd period - Snap shot by Sean Couturier.
6:37 of 3rd period - Stopped by Calvin Pickard without a rebound.
6:38 of 3rd period - Mika Zibanejad wins face-off versus Mikael Granlund in Detroit Red Wings zone.
7:16 of 3rd period - Wrist shot by Daniel Sprong.
7:16 of 3rd period - Shot Misses the Net.
7:26 of 3rd period - Erik Brannstrom is hit by Sean Couturier and loses puck.
7:49 of 3rd period - Keegan Kolesar is hit by Jake Walman and loses puck.
8:00 of 3rd period - David Kampf is hit by Erik Brannstrom and loses puck.
8:25 of 3rd period - Zach Bogosian is hit by Jake Walman and loses puck.
8:40 of 3rd period - Snap shot by Carter Verhaeghe.
8:40 of 3rd period - Stopped by Igor Shesterkin with a rebound.
8:42 of 3rd period - Slapshot by Erik Brannstrom.
8:42 of 3rd period - Deflect By Mika Zibanejad.
8:42 of 3rd period - Shot Misses the Net.
8:42 of 3rd period - Puck is out of play.
8:43 of 3rd period - Mikael Granlund wins face-off versus Tyler Johnson in New York Rangers zone.
8:59 of 3rd period - Snap shot by Nathan MacKinnon.
8:59 of 3rd period - Stopped by Calvin Pickard with a rebound.
9:05 of 3rd period - Minor Penalty to Jeff Petry for Hooking.
9:06 of 3rd period - Mika Zibanejad wins face-off versus Nathan MacKinnon in Detroit Red Wings zone.
9:35 of 3rd period - Slapshot by Conor Garland.
9:35 of 3rd period - Goal by Conor Garland - Detroit Red Wings : 1 - New York Rangers : 3.
9:36 of 3rd period - Mikael Granlund wins face-off versus Mika Zibanejad in neutral zone.
9:43 of 3rd period - Snap shot by Nathan MacKinnon.
9:43 of 3rd period - Stopped by Calvin Pickard without a rebound.
9:44 of 3rd period - Mika Zibanejad wins face-off versus Mikael Granlund in Detroit Red Wings zone.
10:02 of 3rd period - Snap shot by Carter Verhaeghe.
10:02 of 3rd period - Shot Misses the Net.
10:04 of 3rd period - Slapshot by Tyler Johnson.
10:04 of 3rd period - Shot Misses the Net.
10:06 of 3rd period - Wrist shot by Tyler Johnson.
10:06 of 3rd period - Shot Misses the Net.
10:14 of 3rd period - Wrist shot by Carter Verhaeghe.
10:14 of 3rd period - Shot Blocked by Jake McCabe.
10:16 of 3rd period - Snap shot by Carter Verhaeghe.
10:16 of 3rd period - Shot Misses the Net.
10:18 of 3rd period - Backhand shot by Jeff Petry.
10:18 of 3rd period - Shot Misses the Net.
10:20 of 3rd period - Snap shot by Carter Verhaeghe.
10:20 of 3rd period - Stopped by Igor Shesterkin without a rebound.
10:21 of 3rd period - Steven Stamkos wins face-off versus Cole Caufield in New York Rangers zone.
10:42 of 3rd period - Minor Penalty to Timo Meier for Holding.
10:43 of 3rd period - David Kampf wins face-off versus Mika Zibanejad in New York Rangers zone.
11:43 of 3rd period - Icing by Mika Zibanejad.
11:44 of 3rd period - David Kampf wins face-off versus Mika Zibanejad in Detroit Red Wings zone.
11:45 of 3rd period - Snap shot by Tyler Motte.
11:45 of 3rd period - Shot Misses the Net.
11:47 of 3rd period - Wrist shot by Tyler Motte.
11:47 of 3rd period - Shot Misses the Net.
12:09 of 3rd period - Wrist shot by Jared McCann.
12:09 of 3rd period - Shot Blocked by Mikael Granlund.
12:42 of 3rd period - Penalty to Timo Meier is over, Timo Meier is back on ice.
13:07 of 3rd period - Off-side.
13:08 of 3rd period - Sean Couturier wins face-off versus Brendan Gallagher in neutral zone.
13:33 of 3rd period - Off-side.
13:34 of 3rd period - Dylan Strome wins face-off versus Steven Stamkos in neutral zone.
14:05 of 3rd period - Backhand shot by Nathan MacKinnon.
14:05 of 3rd period - Shot Misses the Net.
14:07 of 3rd period - Snap shot by Artemi Panarin.
14:07 of 3rd period - Shot Misses the Net.
14:09 of 3rd period - Snap shot by Mikael Granlund.
14:09 of 3rd period - Deflect By Nathan MacKinnon.
14:09 of 3rd period - Shot Blocked by Jeff Petry.
14:09 of 3rd period - Puck is out of play.
14:10 of 3rd period - Mikael Granlund wins face-off versus Mika Zibanejad in Detroit Red Wings zone.
14:15 of 3rd period - Slapshot by Nathan MacKinnon.
14:15 of 3rd period - Stopped by Calvin Pickard with a rebound.
14:17 of 3rd period - Slapshot by Nathan MacKinnon.
14:17 of 3rd period - Shot Blocked by Shayne Gostisbehere.
14:37 of 3rd period - Adam Larsson is hit by Yakov Trenin and loses puck.
14:56 of 3rd period - Icing by Christian Fischer.
14:57 of 3rd period - Yakov Trenin wins face-off versus Dylan Strome in Detroit Red Wings zone.
15:13 of 3rd period - Slapshot by Patrick Kane.
15:13 of 3rd period - Shot Misses the Net.
16:07 of 3rd period - Wrist shot by Tyler Motte.
16:07 of 3rd period - Stopped by Calvin Pickard with a rebound.
16:33 of 3rd period - Snap shot by Artemi Panarin.
16:33 of 3rd period - Shot Misses the Net.
17:00 of 3rd period - Slapshot by Mika Zibanejad.
17:00 of 3rd period - Shot Blocked by Timo Meier.
17:30 of 3rd period - Minor Penalty to Jake Walman for Holding.
17:31 of 3rd period - Steven Stamkos wins face-off versus David Kampf in New York Rangers zone.
17:42 of 3rd period - Snap shot by Steven Stamkos.
17:42 of 3rd period - Stopped by Igor Shesterkin with a rebound.
17:44 of 3rd period - Snap shot by Steven Stamkos.
17:44 of 3rd period - Stopped by Igor Shesterkin with a rebound.
19:30 of 3rd period - Penalty to Jake Walman is over, Jake Walman is back on ice.
19:46 of 3rd period - Jake Walman is hit by Brendan Gallagher and loses puck.
19:56 of 3rd period - Minor Penalty to Zach Bogosian for Slashing.
19:57 of 3rd period - Nathan MacKinnon wins face-off versus Kevin Stenlund in Detroit Red Wings zone.
Goals for this period are 1 for Detroit Red Wings vs 2 for New York Rangers.
Shots for this period are 11 for Detroit Red Wings vs 9 for New York Rangers.
Back to the Top